[Event "81st Italian Championship 2022"]
[Site "Cagliari"]
[Date "2022.11.15"]
[Round "4.3"]
[White "Dvirnyy, Danyyil"]
[Black "Basso, Pier Luigi"]
[Result "1-0"]
[ECO "B12"]
[WhiteElo "2514"]
[BlackElo "2503"]
[Annotator "TA"]
[PlyCount "115"]
[EventDate "2022.11.12"]
[EventType "tourn"]
[EventCountry "ITA"]
[SourceTitle "playchess.com"]
[Source "ChessBase"]
[SourceQuality "1"]
[TimeControl "40/6000+30:20/3000:900+30"]

1. e4 c6 2. d4 d5 3. e5 Bf5 4. Nf3 e6 5. Be2 c5 6. Be3 Qb6 {[%emt 0:00:35] seems to push 6...cxd4 aside.} 7. Nc3 Nc6 ({Don't do} 7... Qxb2 8. Nb5 $16) 8. O-O $1 {[%emt 0:01:39] B12: Caro-Kann: Advance Variation.} Qxb2 9. Qe1 (9. Nb5 $5 Rc8 10. c4 $16) 9... cxd4 (9... Bxc2 10. dxc5 Bg6 11. a3 $16) 10. Bxd4 {[%emt 0:00:18] The position is equal.} Nxd4 (10... Qxc2 $2 11. Rc1 Qb2 12. Nxd5 $1 Qxc1 13. Nc7+ Kd7 14. Qxc1 $18) (10... Bxc2 $2 11. Nb5 Nxd4 12. Nfxd4 $18) 11. Nxd4 Bb4 12. Ndb5 {[%emt 0:05:41] Threatens to win with Rb1.} Ba5 $1 ({Don't play} 12... Bxc2 13. Qd2 Bxc3 14. Nxc3 $16) 13. Rb1 Qxc2 14. Rc1 Qb2 15. Nd6+ {[%emt 0:01:31] Pair of Knights!} Kf8 {[%emt 0:01:32] White must now prevent ...Ne7.} 16. Nxf5 exf5 17. Na4 Bxe1 18. Nxb2 Ba5 19. Rc5 $1 $36 {[%emt 0:01:23][%csl LRa5,LRd5][%mdl 2048] White has some pressure.} Bb6 20. Rxd5 {[%emt 0:00:07] [#]} Re8 $146 ({Predecessor:} 20... Ke7 21. Rfd1 Rd8 22. Bb5 Rxd5 23. Rxd5 Nh6 24. Rd7+ Ke6 25. Rd6+ Ke7 26. Rd7+ Ke6 27. Rd6+ Ke7 28. Rd7+ {½-½ (28) Brkic,A (2573)-Donchenko,A (2615) Biel 2019}) 21. Nc4 Nf6 (21... g5 $14) 22. exf6 $16 {[%emt 0:09:01] White is more active.} Rxe2 23. Nxb6 ({Much worse is} 23. Rxf5 $6 Bd8 $11) 23... axb6 {[%emt 0:00:18][%mdl 4096] Endgame KRR-KRR} 24. Rd8+ Re8 25. Rxe8+ Kxe8 26. fxg7 {[%emt 0:12:47] KR-KR} Rg8 27. Rb1 Rxg7 28. Rxb6 Rg4 29. Rxb7 Ra4 30. Rb2 Ke7 31. Re2+ Kf6 32. Kf1 h5 33. Ke1 Rh4 34. Kd2 (34. h3 $16) 34... Rxh2 $11 35. f4 Rh1 36. Kc3 Rf1 37. a4 {[%emt 0:00:13][%cal Ba2a4,Ba4a5,Ba5a6,Ba6a7][%mdl 32] And now a5 would win.} Rxf4 38. Ra2 Rg4 $2 (38... h4 $1 $11 {and Black is okay.}) 39. a5 $18 {[%emt 0:00:11][%mdl 1024] Hoping for a6. White has strong compensation.} Ke5 $2 {[%emt 0:01:12] Black cannot hold the game after this.} (39... Rg8 $16) 40. a6 Rg8 41. a7 Ra8 {[%emt 0:49:37] [#]} 42. Kd3 $1 Kf4 {[%emt 0:00:00] [#]} 43. Ke2 $1 h4 44. Ra4+ Kg3 45. Kf1 f4 46. Ra3+ Kg4 47. Kf2 f6 48. Ra5 {[%emt 0:00:00] White mates.} f5 49. Ra4 Kg5 50. Kf3 Kf6 51. Kxf4 Ke6 52. Ra2 Kd6 53. Kxf5 Kc6 54. Kg5 Kb7 55. Kxh4 Rh8+ 56. Kg5 Rg8+ 57. Kf4 Rf8+ 58. Ke4 {[%emt 0:23:53] Weighted Error Value: White=0.04 (flawless) /Black=0.26 (precise)} 1-0

[Event "81st Italian Championship 2022"]
[Site "Cagliari"]
[Date "2022.11.15"]
[Round "4.4"]
[White "Lodici, Lorenzo"]
[Black "Brunello, Sabino"]
[Result "1-0"]
[ECO "E01"]
[WhiteElo "2536"]
[BlackElo "2518"]
[Annotator "TA"]
[PlyCount "37"]
[EventDate "2022.11.12"]
[EventType "tourn"]
[EventCountry "ITA"]
[SourceTitle "playchess.com"]
[Source "ChessBase"]
[SourceQuality "1"]
[TimeControl "40/6000+30:20/3000:900+30"]

1. d4 d5 2. c4 c6 3. Nc3 Nf6 4. Nf3 e6 5. g3 Nbd7 6. Bg2 dxc4 7. O-O b5 8. e4 Bb7 9. e5 {[%emt 0:00:05] E01: Catalan: Early deviations.} Nd5 10. Ng5 {[%emt 0:00:03] Strongly threatening Qh5.} h6 {[%emt 0:09:05] [#] 10...h6 scores better than 10...Be7.} 11. Nxe6 {[%emt 0:02:13] White is slightly better.} fxe6 12. Qh5+ $40 {[%emt 0:00:05][%mdl 128] Black needs to defend precisely.} Ke7 13. Ne4 $1 {[%emt 0:00:03][%cal Bc3e4,Be4g5,Bg5e6,Be6f8][%mdl 32] Threatens to win with Nd6.} Qe8 14. Bg5+ $1 hxg5 15. Qxh8 {[%emt 0:00:04] [#] Black must now prevent Nd6. The board is on fire.} Kd8 {[%emt 0:00:19] And now ...Qg6 would win.} 16. Nxg5 Kc7 {[%emt 0:07:24] [#]} 17. Qg8 $146 {[%emt 0:12:15][%mdl 1024] White has compensation.} ({Predecessor:} 17. Qh3 Kb6 18. Nxe6 a5 19. Rfc1 Bc8 20. Nxf8 Nxf8 21. Qh8 Qf7 22. a4 Bb7 23. Qh4 {1-0 (47) Andreikin,D (2728)-Kollars,D (2621) Chess.com INT 2021}) 17... Kb6 18. Nxe6 {[%emt 0:03:46] White is much more active. The black rooks are badly placed.} c5 $2 (18... Nc7 $16 {is more resistant.} 19. Nxc7 (19. Nxg7 $2 Qg6 $19) 19... Kxc7) 19. Nxf8 {[%emt 0:09:41] Weighted Error Value: White=0.00 (flawless) /Black=0.65} 1-0

[Event "81st Italian Championship 2022"]
[Site "Cagliari"]
[Date "2022.11.15"]
[Round "4.5"]
[White "Moroni, Luca Jr"]
[Black "Godena, Michele"]
[Result "1/2-1/2"]
[ECO "D02"]
[WhiteElo "2559"]
[BlackElo "2463"]
[Annotator "TA"]
[PlyCount "35"]
[EventDate "2022.11.12"]
[EventType "tourn"]
[EventCountry "ITA"]
[SourceTitle "playchess.com"]
[Source "ChessBase"]
[SourceQuality "1"]
[TimeControl "40/6000+30:20/3000:900+30"]

1. d4 d5 2. Nf3 c5 3. e3 e6 4. dxc5 Bxc5 5. a3 Nf6 6. b4 {[%emt 0:11:03] D02: 1 d4 d5 2 Nf3 sidelines, including 2...Nf6 3 g3 and 2...Nf6 3 Bf4.} Bd6 {[%emt 0:17:12] has lost popularity (6...Be7).} 7. Bb2 Qe7 8. Nbd2 {[%emt 0:03:07] The position is equal.} a5 9. b5 {[%emt 0:03:09] [#]} a4 $146 ({Predecessor:} 9... Nbd7 10. c4 O-O 11. Be2 e5 12. cxd5 e4 13. Nd4 Nb6 14. Nc4 Nxc4 15. Bxc4 Bd7 {½-½ (21) Roy Chowdhury,S (2457)-Drozdovskij,Y (2608) Bad Wiessee 2010}) 10. c4 Nbd7 11. Be2 O-O 12. cxd5 exd5 13. Nf1 Nc5 14. Ng3 Nb3 15. Ra2 Be6 16. Nd4 Be5 17. O-O Rfc8 (17... Bxd4 $5 18. Bxd4 Rfc8 $15) 18. Bd3 {[%emt 0:06:46] Weighted Error Value: White=0.07 (flawless) /Black=0.06 (flawless)} 1/2-1/2

[Event "81st Italian Championship 2022"]
[Site "Cagliari"]
[Date "2022.11.15"]
[Round "4.6"]
[White "Lettieri, Giuseppe"]
[Black "Carnicelli, Valerio"]
[Result "0-1"]
[ECO "B31"]
[WhiteElo "2427"]
[BlackElo "2325"]
[Annotator "TA"]
[PlyCount "77"]
[EventDate "2022.11.12"]
[EventType "tourn"]
[EventCountry "ITA"]
[SourceTitle "playchess.com"]
[Source "ChessBase"]
[SourceQuality "1"]
[TimeControl "40/6000+30:20/3000:900+30"]

1. e4 c5 2. Nf3 Nc6 3. Bb5 g6 4. O-O Bg7 5. c3 Nf6 6. Re1 O-O 7. d4 d5 8. exd5 Qxd5 9. c4 Qd6 10. d5 (10. Bxc6 $11 {deserves consideration.} bxc6 11. Nc3) 10... Nd4 $15 {[%emt 0:01:02] B31: Sicilian: 2...Nc6 3 Bb5 g6.} 11. Nxd4 cxd4 12. Nd2 e5 {[%emt 0:09:35][%cal Be7e5,Be5e4][%mdl 32] Black is slightly better.} 13. Ba4 $1 Bf5 14. f3 Rac8 {[%emt 0:12:30] [#] Black is much more active.} 15. g4 $146 (15. a3 $15) ({Predecessor:} 15. Bb3 b5 16. cxb5 Nxd5 17. Ne4 Qd7 18. a4 Kh8 19. Bd2 Bxe4 20. fxe4 Ne7 21. Qe2 {½-½ (70) Nebolsina,V (2073)-Harika,D (2353) Chalkidiki 2003}) 15... Bd3 $17 16. Qb3 e4 17. g5 $2 (17. Nxe4 $17 {keeps fighting.} Bxe4 18. fxe4 Nxg4 19. Qg3 Qxg3+ 20. hxg3) 17... Nd7 $2 (17... exf3 $1 $19 {[%cal Of3f2] ( -> ...f2+!)} 18. Qxd3 f2+ 19. Kxf2 Qxh2+ 20. Kf3 Qh3+ 21. Ke2 Rfe8+ $1 22. Bxe8 Rxe8+ 23. Ne4 Rxe4+ 24. Kd2 Qxd3+ 25. Kxd3 Rxe1 26. gxf6 Bxf6) 18. Nxe4 $11 Bxe4 19. Bxd7 (19. fxe4 $2 Nc5 20. Qa3 Be5 $19) 19... Qxd7 20. Rxe4 b5 21. Qxb5 Qh3 (21... Qxb5 $11 {remains equal.} 22. cxb5 Rfd8) 22. Qb3 $16 {[%emt 0:05:01] Bf4 is the strong threat.} Rfe8 23. Bf4 (23. Qd3 $1 $16) 23... Rxe4 $11 24. fxe4 Qg4+ (24... d3 $11 25. Bg3 d2) 25. Qg3 $18 Qe2 26. Re1 (26. b3 $18) 26... Qxb2 (26... Qxc4 $16 27. Rc1 Qa6) 27. Qd3 Qc3 28. Rd1 Rxc4 $2 (28... Qb4 29. d6 Qa5) 29. d6 Kf8 {[%emt 0:06:07] [#]} (29... Qxd3 $142 30. Rxd3 Rc8) 30. Qxc3 $2 (30. Rb1 $1 $18 {Qxc3 would kill now.} Rc8 31. Rc1 Qxc1+ 32. Bxc1 Rxc1+ 33. Kf2) 30... dxc3 {[%emt 0:00:01][%cal Bd4c3,Bc3c2][%mdl 4128] Endgame KRB-KRB} 31. d7 (31. Rb1 $17 Bd4+ 32. Kg2) 31... Bd4+ $19 32. Kf1 Ke7 {[%emt 0:00:03] Hoping for ...c2.} 33. Ke2 {[%emt 0:00:42] [#]} c2 $1 34. Rf1 (34. Rd3 $17) 34... Bb2 (34... Kxd7 35. Kd3 Be5 36. Bd2 (36. Kxc4 $2 Bxf4 37. Rh1 c1=Q+ $19) 36... Rd4+ 37. Kxc2 $17) 35. Bc1 Bxc1 {[%emt 0:00:19] Black has a decisive advantage.} ({And not} 35... Rxe4+ 36. Kd2 Rd4+ 37. Kxc2 Bxc1 38. Kxc1 $17) 36. Rxc1 Rxe4+ ({Inferior is} 36... Kxd7 37. Kd3 Rc5 38. h4 $11) 37. Kd3 Re5 38. Rxc2 Rxg5 ({Stronger than} 38... Kxd7 39. Rf2 $17) 39. Kd4 {[%emt 0:02:24] Both players deserved the win here.  Weighted Error Value: White=0.59/Black=0.52} 0-1

[Event "81st Italian Championship 2022"]
[Site "Cagliari"]
[Date "2022.11.16"]
[Round "5.1"]
[White "Carnicelli, Valerio"]
[Black "Barp, Alberto"]
[Result "1/2-1/2"]
[ECO "C47"]
[WhiteElo "2325"]
[BlackElo "2412"]
[Annotator "TA"]
[PlyCount "113"]
[EventDate "2022.11.12"]
[EventType "tourn"]
[EventCountry "ITA"]
[SourceTitle "playchess.com"]
[Source "ChessBase"]
[SourceQuality "1"]
[TimeControl "40/6000+30:20/3000:900+30"]

1. e4 e5 2. Nf3 Nc6 3. d4 exd4 4. Nxd4 Nf6 5. Nc3 Bb4 6. Nxc6 bxc6 7. Bd3 d5 8. exd5 O-O $1 {[%emt 0:00:08][%mdl 4] outshines the older 8...cxd5.} 9. O-O cxd5 10. h3 {[%emt 0:00:05] C47: Scotch Four Knights and Four Knights with 4 g3.} c6 11. Qf3 Bd6 12. Bf4 Be6 13. Ne2 c5 14. Rad1 Rb8 15. b3 Rb6 16. Ng3 Bxf4 17. Qxf4 Qb8 {[%emt 0:00:06] [#]} 18. Qg5 $146 ({Predecessor:} 18. Qf3 Rb4 19. Rfe1 Re8 20. Nh5 Nxh5 21. Qxh5 g6 22. Qg5 Qf4 23. Qxf4 Rxf4 24. c4 {½-½ (30) Arslanov,S (2395)-Moiseenko,V (2547) Moscow 2018}) 18... h6 19. Qd2 Qc8 20. Rfe1 Kh8 21. Re5 Rd8 22. c3 Qc7 23. Ree1 c4 {[%emt 0:20:17] [#]} (23... Rbb8 $11) 24. Bxc4 $1 $14 Rc8 25. Bd3 Qxc3 26. Qxc3 Rxc3 27. Ne2 Rc5 28. Rc1 Rbc6 29. b4 Rxc1 30. Rxc1 Rxc1+ 31. Nxc1 {[%emt 0:00:06][%mdl 4096] Endgame KBN-KBN} d4 (31... Kg8 $14) 32. a3 $16 Nd7 33. Kf1 Ne5 34. f4 (34. Ba6 $16) 34... Nxd3 $11 35. Nxd3 {[%emt 0:00:04] KB-KN} g5 {[%emt 0:00:22] [#]} (35... Bc4 $11 36. Ke2 g5) 36. Kf2 $1 $16 Kg7 37. a4 ({Better is} 37. fxg5 $16 hxg5 38. Ne5) 37... Kf6 $11 {[%emt 0:00:40] The position is equal.} 38. b5 Ke7 39. Ne5 Kd6 40. Nc6 gxf4 {[%emt 0:00:37] ...d3 is the strong threat.} 41. Nxa7 d3 {[%emt 0:15:54] aiming for ...Bd5.} 42. b6 Bd5 {[%emt 0:05:40] Strongly threatening ...Kc5.} 43. Nb5+ Kc5 44. Nc3 Bb7 45. Ke1 Kxb6 46. Kd2 Bxg2 47. Kxd3 Bxh3 48. Ke4 {[%emt 0:00:00] Inhibits Bf5+.} Be6 49. Kxf4 Ka5 50. Ne4 Kxa4 51. Nf6 Kb5 52. Ng8 $1 h5 {[%emt 0:00:00] Hoping for ...h4.} 53. Kg5 Kc5 54. Kxh5 Kd4 55. Kg5 f5 56. Kf4 Bxg8 57. Kxf5 {[%emt 0:02:45] Weighted Error Value: White=0.07 (flawless) /Black=0.09 (flawless)} 1/2-1/2

[Event "81st Italian Championship 2022"]
[Site "Cagliari"]
[Date "2022.11.16"]
[Round "5.2"]
[White "Godena, Michele"]
[Black "Lettieri, Giuseppe"]
[Result "1/2-1/2"]
[ECO "B22"]
[WhiteElo "2463"]
[BlackElo "2427"]
[Annotator "TA"]
[PlyCount "100"]
[EventDate "2022.11.12"]
[EventType "tourn"]
[EventCountry "ITA"]
[SourceTitle "playchess.com"]
[Source "ChessBase"]
[SourceQuality "1"]
[TimeControl "40/6000+30:20/3000:900+30"]

1. e4 c5 2. c3 Nf6 3. e5 Nd5 4. Nf3 Nc6 5. d4 cxd4 6. cxd4 d6 7. Bc4 Nb6 8. Bb5 Bd7 9. exd6 {[%emt 0:05:03] B22: Sicilian: 2 c3.} e6 10. O-O Bxd6 11. Re1 {[%emt 0:00:13] [#]} Ne7 $146 ({Predecessor:} 11... O-O 12. Nc3 Nb4 13. Be2 Bc6 14. Ng5 Rc8 15. a3 N4d5 16. Qd3 Nf6 17. Bf3 Bxf3 18. Qxf3 {0-1 (32) Diaz Carias,S (2047)-Montilla Reyes,J (2112) San Cristobal 2015}) 12. Bf1 Bc6 13. Nc3 O-O 14. Ne5 Nf5 15. Qg4 Bc7 16. Nxc6 bxc6 17. Bd3 Qf6 18. h3 Nd5 19. Bg5 Qg6 20. Nxd5 cxd5 21. Bxf5 exf5 22. Qh4 Rfe8 23. Bf4 (23. Be7 {looks sharper.} f6 24. Rac1 Rac8 25. Bb4) 23... Bb6 24. Rxe8+ (24. Be5 $11) 24... Rxe8 $17 25. Rd1 Re4 26. Kf1 (26. b3 $17) 26... Qc6 $1 $19 27. Qg3 {[%emt 0:00:32] [#]} Rxd4 ({Weaker is} 27... Bxd4 28. Qb3 h6 29. Be3 Bxe3 30. fxe3 $17) (27... h6 $1 $19 {...Qc2 is the strong threat.} 28. Kg1 Bxd4) 28. Rxd4 $17 Bxd4 $19 {[%emt 0:00:07][%mdl 4096] Endgame KQB-KQB} 29. Be3 {[%emt 0:00:32] [#] Intending Qb8+ and mate.} Qb5+ (29... h6 $1 $17 {[%cal Oc6c2] And now ...Qc2! would win.} 30. Bxd4 (30. Qb8+ Kh7 $17) 30... Qc4+ 31. Ke1 Qxd4) 30. Kg1 $15 Bxb2 (30... Bxe3 $1 $15 31. Qxe3 Qd7) 31. Bxa7 h6 32. Qb8+ Qxb8 33. Bxb8 $11 {[%emt 0:00:04] KB-KB} Ba3 34. Kf1 f6 35. Ke2 {[%emt 0:00:12] The position is equal.} Kf7 36. Kd3 Ke6 37. f3 Kd7 38. Ba7 Kc6 39. Be3 h5 40. Kc3 Bd6 41. a4 Bg3 42. Kd3 Be1 43. Bd2 Bg3 44. Bb4 Be5 45. Bd2 f4 46. Bb4 g6 47. Be7 Kb6 {[%emt 0:00:51] Strongly threatening ...Ka5.} 48. Bb4 Kc6 49. Be7 Kb6 {[%emt 0:00:00] aiming for ...Ka5.} 50. Bb4 Kc6 {[%emt 0:31:23] Weighted Error Value: White=0.12 (very precise) /Black=0.15 (very precise)} 1/2-1/2

[Event "81st Italian Championship 2022"]
[Site "Cagliari"]
[Date "2022.11.16"]
[Round "5.3"]
[White "Brunello, Sabino"]
[Black "Moroni, Luca Jr"]
[Result "0-1"]
[ECO "B42"]
[WhiteElo "2518"]
[BlackElo "2559"]
[Annotator "TA"]
[PlyCount "86"]
[EventDate "2022.11.12"]
[EventType "tourn"]
[EventCountry "ITA"]
[SourceTitle "playchess.com"]
[Source "ChessBase"]
[SourceQuality "1"]
[TimeControl "40/6000+30:20/3000:900+30"]

1. e4 c5 2. Nf3 e6 3. d4 cxd4 4. Nxd4 a6 5. Bd3 Bc5 6. Nb3 Ba7 7. Qe2 Nc6 8. Be3 d6 9. Nc3 Nf6 10. Bxa7 Rxa7 11. Qe3 {[%emt 0:00:45] B42: Sicilian: Kan Variation: 5 Bd3.} O-O 12. O-O-O {[%emt 0:08:17][%cal Oe4e5] [#]} e5 $146 ({Predecessor:} 12... Qe7 13. f4 Nd7 14. Rd2 b6 15. e5 d5 16. g4 f6 17. exf6 Qxf6 18. g5 Qf7 {1-0 (51) Drygalov,A (2508)-Harutjunyan,G (2414) Cheliabinsk 2022}) 13. Nd5 {[%emt 0:10:33] The position is equal.} Ra8 14. Nxf6+ Qxf6 15. Bc4 Qe7 16. Rd2 Qc7 17. Kb1 a5 18. Rhd1 a4 19. Nc1 Nd4 20. Bf1 a3 {[%emt 0:07:36] White must now prevent ...axb2.} 21. b3 Rd8 22. c3 Ne6 23. g3 Nc5 24. f4 (24. Nd3 $1 $14 Be6 25. Nb4) 24... Bg4 25. Be2 exf4 26. gxf4 Bxe2 27. Nxe2 Re8 {[%emt 0:00:43] Against e5} 28. Ng3 Rad8 ({Better is} 28... f5 $1 $11) 29. Rd5 b6 30. Kc2 g6 (30... f6 $14) 31. f5 $1 $18 Qe7 32. R1d4 Qh4 {[%emt 0:03:37] Against Qh6} (32... Nd7 $16) 33. b4 Na4 34. Kb3 $1 Ra8 35. Rxd6 (35. e5 $1 $18 Qxh2 36. Rd2) 35... b5 (35... Qxh2 $16 36. Rd2 Qh4) 36. fxg6 $2 (36. Qd2 $18 {Threatens to win with e5.} Qe7 37. e5) 36... hxg6 $11 {[%emt 0:00:17] aiming for ...Rec8. Chess con chili.} 37. e5 Qxh2 38. Rd2 {[%emt 0:00:07] Against Qb2+} Qh3 (38... Qh4 $11 39. R2d4 Qh2) 39. Qg5 (39. e6 $1 $16 f6 40. Qd3) 39... Rac8 $40 {[%emt 0:01:10][%csl Ga4][%cal Rc8c3][%mdl 128] Black is up to no good.} (39... Qc8 {leads to mate.} 40. Rxg6+ $1 fxg6 41. Qxg6+ Kf8 42. Rf2+) 40. c4 (40. Rxg6+ $11 fxg6 41. Qxg6+ Kh8 42. Qf6+ Kh7 43. Qf7+ Kh8 44. Qf6+ Kg8 45. Qg6+ Kh8 46. Qf6+) 40... Rxc4 $19 {[%emt 0:03:02][%csl Ga4][%cal Rc4c3] Black is clearly winning.} 41. Rxg6+ {[%emt 0:28:04] [#]} Kh7 $1 (41... fxg6 {gets mated.} 42. Qxg6+ Kh8 43. Qxe8+ Kh7 44. Qe7+ Kh6 45. Rd6+) 42. Rg7+ Kh8 43. Rd3 {[%emt 0:00:00] [#] Prevents Rc3+.} Rec8 $1 {[%emt 0:07:42] Weighted Error Value: White=0.60/Black=0.27 (precise)} 0-1

[Event "81st Italian Championship 2022"]
[Site "Cagliari"]
[Date "2022.11.16"]
[Round "5.5"]
[White "David, Alberto"]
[Black "Dvirnyy, Danyyil"]
[Result "1-0"]
[ECO "E46"]
[WhiteElo "2517"]
[BlackElo "2514"]
[Annotator "TA"]
[PlyCount "41"]
[EventDate "2022.11.12"]
[EventType "tourn"]
[EventCountry "ITA"]
[SourceTitle "playchess.com"]
[Source "ChessBase"]
[SourceQuality "1"]
[TimeControl "40/6000+30:20/3000:900+30"]

1. d4 Nf6 2. c4 e6 3. Nc3 Bb4 4. e3 O-O 5. Nge2 c6 6. a3 {[%emt 0:00:31] E46: Nimzo-Indian: Rubinstein: 4 e3 0-0 5 Ne2 without early Bd3.} Ba5 7. b4 Bc7 8. e4 {[%emt 0:00:12] The position is equal.} d5 9. e5 Nfd7 {[%emt 0:00:23] 9...Nfd7 is better than 9...Ne8.} 10. cxd5 exd5 11. f4 Qe7 12. Qc2 {[%emt 0:01:08][%cal Oc3d5] [#]} Nb6 $146 {[%emt 0:06:52] [#] Threatens to win with ...f6.} ({Predecessor:} 12... Bb6 13. Na4 f6 14. Nxb6 axb6 15. Bb2 b5 16. Ng3 fxe5 17. fxe5 Nb6 18. Bd3 Qh4 {0-1 (76) Kuzubov,Y (2667)-Volokitin,A (2641) Lutsk 2019}) 13. Ng3 $1 f6 14. Bd3 {[%emt 0:09:16] White is more active.} fxe5 15. dxe5 ({And not} 15. Bxh7+ Kh8 16. dxe5 (16. fxe5 Qh4 $17) 16... g5 $11) 15... Bxe5 16. fxe5 Qxe5+ {[%emt 0:00:08] [#]} 17. Nge2 $1 Bg4 18. Bb2 {[%emt 0:05:57][%cal Oc3d5] aiming for Nxd5!} Qe3 (18... N8d7 $16) 19. Nd1 $18 Qg5 (19... Qe7 {was called for.} 20. Nf2 (20. Bxh7+ Kh8 $18) 20... Bxe2 21. Qxe2 Qxe2+ 22. Bxe2 Re8) 20. Nf2 Bxe2 (20... Bf5 {was worth a try.} 21. O-O Nc4) 21. Qxe2 {[%emt 0:01:18] Weighted Error Value: White=0.07 (flawless) /Black=0.40} 1-0

[Event "81st Italian Championship 2022"]
[Site "Cagliari"]
[Date "2022.11.16"]
[Round "5.6"]
[White "Sonis, Francesco"]
[Black "Di Benedetto, Edoardo"]
[Result "1/2-1/2"]
[ECO "D31"]
[WhiteElo "2547"]
[BlackElo "2378"]
[Annotator "TA"]
[PlyCount "79"]
[EventDate "2022.11.12"]
[EventType "tourn"]
[EventCountry "ITA"]
[SourceTitle "playchess.com"]
[Source "ChessBase"]
[SourceQuality "1"]
[TimeControl "40/6000+30:20/3000:900+30"]

1. d4 d5 2. c4 e6 3. Nc3 Be7 4. cxd5 exd5 5. Bf4 c6 6. e3 Bd6 7. Bxd6 Qxd6 8. Bd3 Ne7 {[%emt 0:00:08] D31: Queen's Gambit Declined: Semi-Slav without ...Nf6 (+ Marshall Gambit and Noteboom) and Exchange Variation lines without ...Nf6.} 9. Qf3 g6 {[%emt 0:02:01] [#]} 10. Qg3 $146 ({Predecessor:} 10. Nge2 Bf5 11. Bxf5 Nxf5 12. O-O O-O 13. Nf4 Nd7 14. Nd3 Rfe8 15. Rab1 a5 16. Na4 {1-0 (61) Di Benedetto,E (2386)-Loiacono,L (2255) Premium Chess Arena INT 2020}) 10... Qxg3 11. hxg3 Bf5 (11... O-O $11 {is more appropriate.}) 12. Be2 $14 g5 13. g4 Bg6 {[%emt 0:01:41] [#]} 14. Nf3 (14. f4 $1 $16 ) 14... f6 $1 15. Nd2 Nd7 16. Nf1 O-O 17. Ng3 Rae8 18. Kd2 Nc8 (18... f5 $11 {keeps the balance.}) 19. Bd3 $16 Nd6 20. Bf5 Nb6 21. b3 Nbc8 22. f3 (22. Na4 {is interesting.} Ne7 23. Bd7 Rd8 24. Be6+) 22... Ne7 23. e4 Rd8 24. Kc2 (24. Be6+ $14 Kg7 25. Nf5+ (25. exd5 cxd5 26. Rae1 Rfe8 $11) 25... Bxf5 26. exf5 (26. gxf5 dxe4 27. fxe4 Ne8 $14)) 24... dxe4 $11 25. fxe4 b6 26. Rad1 c5 (26... b5 $11 {feels stronger.}) 27. d5 $14 (27. dxc5 {seems wilder.} bxc5 28. Na4 c4 29. Nc5) 27... Bxf5 28. exf5 ({Of course not} 28. Nxf5 Nexf5 29. exf5 (29. gxf5 Rfe8 $11) 29... Nf7 $11) 28... Nf7 29. Rhe1 Ne5 30. Nh5 {[%emt 0:04:49][%cal Oh5f6] Hoping for Nxf6+!} Kf7 {[%emt 0:02:24] [#]} 31. Rxe5 fxe5 32. d6 Nc6 {[%emt 0:00:52] Threatens to win with ...Nd4+.} 33. Ne4 {[%emt 0:00:05][%mdl 1024] White has compensation. Pair of Knights!} h6 34. Kc3 Nd4 35. Kc4 Rd7 (35... Nc2 $14 36. Rd3 Rh8) 36. Rd2 {[%emt 0:04:43] White is more active.} (36. Kd5 $16) 36... Rfd8 $11 {[%emt 0:00:39] The position is equal.} 37. Kd5 Nb5 38. Kc6 {[%emt 0:01:27] Really sharp!} Nd4+ 39. Kd5 Nb5 40. Kc6 $1 {[%emt 0:00:12] Weighted Error Value: White=0.16 (very precise) /Black=0.15 (very precise)} 1/2-1/2